Blues vs Stars
(R1)
Created - March 8, 2024 at 20:14
Goals
|
| Blues |
0 |
1 |
3 |
4 |
| Stars |
1 |
0 |
4 |
5 |
|
Shots
|
| Blues |
9 |
8 |
17 |
34 |
| Stars |
9 |
6 |
22 |
37 |
|
1st period
1. Stars , Tobias Rieder 12 (Cam Atkinson 21, Paul Ladue 21) at 17:17
Penalties :
Josh Morrissey (Stl) for Cross-checking (Minor) at 1:28, David Perron (Stl) for Roughing (Minor) at 11:34, Sidney Crosby (Dal) for Cross-checking (Minor) at 15:00
2nd period
2. Blues , Nick Schmaltz 11 (Brandon Montour 9) at 2:07
Penalties :
Nathan MacKinnon (Stl) for Cross-checking (Minor) at 8:54, Nathan MacKinnon (Stl) for Interference (Minor) at 13:41
3rd period
3. Stars , Jake Guentzel 24 (Sidney Crosby 45) at 0:15
4. Stars , Jake Guentzel 25 (Sidney Crosby 46, Andrej Sustr 17) at 1:39
5. Stars , Alex Chiasson 10 (Evgeny Grachev 25, Guillaume Latendresse 19) at 2:22
6. Stars , Evgeny Grachev 20 (Tyler Wotherspoon 9, Anton Cederholm 8) at 4:12
7. Blues , Filip Forsberg 31 (Adam Henrique 34) at 4:20
8. Blues , Adam Henrique 12 (Filip Forsberg 40) at 4:47
9. Blues , Luke Glendening 6 (Drew Shore 8) at 18:12
Penalties :
Josh Morrissey (Stl) for Tripping (Minor) at 2:49, Paul Ladue (Dal) for Hooking (Minor) at 3:06, Anton Cederholm (Dal) for Hooking (Minor) at 7:33, Filip Forsberg (Stl) for Slashing (Minor) at 12:37
Goalie Stats
Maxime Daigneault (Stl), 32 saves from 37 shots - (0.865), L, 7-4-2, 59:30 minutes
Jhonas Enroth (Dal), 30 saves from 34 shots - (0.882), W, 9-6-1, 60:00 minutes
Players Stats for Blues
Player Name G A P +/- PIM S H SB GA TA FO MP PP MP PK MP
------------------------------------------------------------------------------------
Adam Henrique 1 1 2 1 0 4 2 0 1 1 8/12 14:57 2:01 0:12
Brandon Montour 0 1 1 3 0 0 0 2 0 1 0/0 19:19 0:55 4:23
Cody Ceci 0 0 0 -3 0 2 1 1 1 0 0/0 24:30 0:00 5:49
David Perron 0 0 0 0 2 1 4 0 0 0 0/0 12:03 0:00 0:50
Devin Shore 0 0 0 0 0 1 1 1 0 1 4/8 13:29 0:00 2:54
Drew Shore 0 1 1 1 0 4 0 0 0 1 8/15 12:22 0:03 6:15
Filip Forsberg 1 1 2 0 2 3 1 0 0 1 0/1 20:47 2:28 0:51
Josh Morrissey 0 0 0 0 4 1 1 1 0 1 0/0 19:45 2:09 4:25
Luke Glendening 1 0 1 1 0 2 1 1 0 0 0/0 9:02 0:03 2:54
Marko Dano 0 0 0 -1 0 1 1 0 0 0 0/0 13:07 1:44 0:13
Nathan MacKinnon 0 0 0 -2 4 4 0 0 0 0 16/28 17:47 2:11 0:00
Nick Schmaltz 1 0 1 0 0 3 0 0 0 2 0/0 10:34 0:00 0:00
Nikolaj Ehlers 0 0 0 -3 0 2 1 0 1 0 0/0 16:17 1:44 0:00
Samuel Morin 0 0 0 0 0 2 0 0 0 1 1/1 12:32 0:03 6:15
Seth Jones 0 0 0 -4 0 0 1 4 0 0 0/0 24:40 1:28 4:23
Teuvo Teravainen 0 0 0 -1 0 2 1 0 2 0 2/2 14:12 2:11 0:00
Travis Sanheim 0 0 0 0 0 2 0 0 0 0 0/0 13:37 1:52 0:00
Will Butcher 0 0 0 2 0 0 1 0 0 0 0/0 18:59 2:23 1:24
Players Stats for Stars
Player Name G A P +/- PIM S H SB GA TA FO MP PP MP PK MP
------------------------------------------------------------------------------------
Adam Tambellini 0 0 0 0 0 0 0 1 0 0 0/0 7:56 0:00 1:37
Alex Chiasson 1 0 1 1 0 6 1 0 0 0 1/2 17:34 4:08 0:48
Andrej Sustr 0 1 1 1 0 3 4 1 2 2 0/0 27:07 6:47 2:24
Anton Cederholm 0 1 1 2 2 0 0 1 1 3 0/0 15:34 0:00 0:00
Ben Chiarot 0 0 0 -2 0 0 1 2 0 0 0/0 17:40 3:25 1:51
Brian Lee 0 0 0 -4 0 0 2 0 0 0 0/0 19:47 3:25 2:08
Cam Atkinson 0 1 1 0 0 0 0 0 0 0 0/0 9:16 0:00 0:00
Evgeny Grachev 1 1 2 2 0 5 1 1 0 0 3/11 17:46 4:08 0:50
Evgeny Kuznetsov 0 0 0 0 0 0 0 0 0 0 2/4 10:26 0:00 1:10
Guillaume Latendresse 0 1 1 2 0 0 1 2 0 0 0/0 17:04 4:08 0:08
Henrik Borgstrom 0 0 0 0 0 0 1 0 0 0 0/1 6:58 0:00 0:15
Jake Guentzel 2 0 2 -1 0 10 3 0 1 0 1/1 24:54 6:04 2:15
Michael Grabner 0 0 0 1 0 3 1 0 2 0 1/1 21:02 6:04 0:00
Paul Ladue 0 1 1 3 2 2 2 0 0 0 0/0 25:20 6:46 2:07
Scott Kosmachuck 0 0 0 0 0 1 1 1 0 0 0/0 6:19 0:00 0:00
Sidney Crosby 0 2 2 -1 2 3 2 1 1 0 19/46 23:58 6:04 1:12
Tobias Rieder 1 0 1 0 0 2 1 0 1 0 1/1 10:06 0:00 0:15
Tyler Wotherspoon 0 1 1 2 0 2 2 2 1 0 0/0 15:13 0:00 0:00
3 Stars
1 - Evgeny Grachev (Dal)
2 - Jake Guentzel (Dal)
3 - Adam Henrique (Stl)
Power Play
Blues - 0 on 3 Attempt(s) - 0.00%
Stars - 0 on 7 Attempt(s) - 0.00%
Penalty Kill
Blues - 7 on 7 Attempt(s) - 100.00%
- Score 0 goal in Penalty Kill
Stars - 3 on 3 Attempt(s) - 100.00%
- Score 0 goal in Penalty Kill
Team Stat
Blues - Hits : 16 - Faceoff Wins : 39 - Blocked Shots : 10 - Penalty Minutes : 12
Stars - Hits : 23 - Faceoff Wins : 28 - Blocked Shots : 12 - Penalty Minutes : 6
Official
Referees : Garrett Rank and Eric Furlatt
Linesman : Steve Barton and Derek Nansen
Game Notes
14:52 of 1st period - Penalty Shot by Seth Jones for Blues - Stopped by Jhonas Enroth
Finance
Level 1 -- Attendance: 6000 (100.00%) -- Ticket Income $600,000
Level 2 -- Attendance: 4951 (99.02%) -- Ticket Income $297,060
Level 3 -- Attendance: 2000 (100.00%) -- Ticket Income $70,000
Level 4 -- Attendance: 3672 (91.80%) -- Ticket Income $91,800
Luxury Box -- Attendance: 1000 (100.00%) -- Ticket Income $200,000
Game was played at the American Airlines Center.
Total Attendance: 17623 (97.91%)
Total Ticket Income: $1,258,860
Other Income: $188,829
Total Income: $1,447,689
Blues
5 vs 5 Forward
Center Left Wing Right Wing Time % Phy DF OF
1 Nathan MacKinnon Filip Forsberg Nikolaj Ehlers 40 0 2 3
2 Adam Henrique Marko Dano Teuvo Teravainen 30 0 2 3
3 Devin Shore David Perron Nick Schmaltz 20 1 2 2
4 Drew Shore Samuel Morin Luke Glendening 10 0 3 2
5 vs 5 Defense
Defense Defense Time % Phy DF OF
1 Seth Jones Cody Ceci 40 1 2 2
2 Will Butcher Brandon Montour 30 1 2 2
3 Josh Morrissey Travis Sanheim 20 1 2 2
4 Josh Morrissey Seth Jones 10 1 2 2
PowerPlay Forward
Center Left Wing Right Wing Time % Phy DF OF
1 Nathan MacKinnon Filip Forsberg Teuvo Teravainen 60 0 2 3
2 Adam Henrique Marko Dano Nikolaj Ehlers 40 0 2 3
PowerPlay Defense
Defense Defense Time % Phy DF OF
1 Will Butcher Seth Jones 60 0 2 3
2 Josh Morrissey Travis Sanheim 40 0 2 3
Penalty Kill 4 Players Forward
Center Wing Time % Phy DF OF
1 Drew Shore Samuel Morin 60 1 3 1
2 Devin Shore Luke Glendening 40 1 3 1
Penalty Kill 4 Players Defense
Defense Defense Time % Phy DF OF
1 Cody Ceci Josh Morrissey 60 1 2 2
2 Seth Jones Brandon Montour 40 1 2 2
Penalty Kill - 3 Players Forward
Forward Time % Phy DF OF
1 Drew Shore 60 1 2 2
2 Devin Shore 40 1 2 2
Penalty Kill - 3 Players Defense
Defense Defense Time % Phy DF OF
1 Cody Ceci Brandon Montour 60 1 2 2
2 Seth Jones Josh Morrissey 40 1 2 2
4 vs 4 Forward
Center Wing Time % Phy DF OF
1 Adam Henrique Filip Forsberg 60 1 2 2
2 Nathan MacKinnon David Perron 40 1 2 2
4 vs 4 Defense
Defense Defense Time % Phy DF OF
1 Will Butcher Brandon Montour 60 1 2 2
2 Cody Ceci Seth Jones 40 1 2 2
Last Minutes Offensive
Center Left Wing Right Wing Defense Defense
Nathan MacKinnon Filip Forsberg Teuvo Teravainen Will Butcher Seth Jones
Last Minutes Defensive
Center Left Wing Right Wing Defense Defense
Drew Shore Samuel Morin Luke Glendening Brandon Montour Cody Ceci
Goaltenders
Starting : Maxime Daigneault
Backup : Carey Price
Extra Forwards
Normal : Nikolaj Ehlers, Samuel Morin, Drew Shore - PP : Marko Dano, Teuvo Teravainen - PK : Filip Forsberg
Extra Defensemen
Normal : Cody Ceci, Travis Sanheim, Will Butcher - PP : Cody Ceci - PK : Will Butcher, Travis Sanheim
Penalty Shots
David Perron, Marko Dano, Filip Forsberg, Teuvo Teravainen, Devin Shore
Custom OT Lines Forwards
Filip Forsberg, Nathan MacKinnon, Teuvo Teravainen, Marko Dano, David Perron, Devin Shore, Drew Shore, Nikolaj Ehlers, Adam Henrique, Nick Schmaltz
Custom OT Lines Defensemen
Seth Jones, Will Butcher, Brandon Montour, Travis Sanheim, Cody Ceci
Scratches
Cody Franson (Healthy)
Stars
5 vs 5 Forward
Center Left Wing Right Wing Time % Phy DF OF
1 Sidney Crosby Jake Guentzel Michael Grabner 40 1 2 2
2 Evgeny Grachev Guillaume Latendresse Alex Chiasson 30 1 2 2
3 Evgeny Kuznetsov Tobias Rieder Cam Atkinson 20 1 2 2
4 Henrik Borgstrom Adam Tambellini Scott Kosmachuck 10 1 2 2
5 vs 5 Defense
Defense Defense Time % Phy DF OF
1 Andrej Sustr Paul Ladue 40 1 2 2
2 Ben Chiarot Brian Lee 30 1 2 2
3 Tyler Wotherspoon Anton Cederholm 20 1 2 2
4 Andrej Sustr Paul Ladue 10 1 2 2
PowerPlay Forward
Center Left Wing Right Wing Time % Phy DF OF
1 Sidney Crosby Jake Guentzel Michael Grabner 60 0 2 3
2 Evgeny Grachev Guillaume Latendresse Alex Chiasson 40 0 2 3
PowerPlay Defense
Defense Defense Time % Phy DF OF
1 Andrej Sustr Paul Ladue 60 1 2 2
2 Ben Chiarot Brian Lee 40 1 2 2
Penalty Kill 4 Players Forward
Center Wing Time % Phy DF OF
1 Sidney Crosby Jake Guentzel 60 1 2 2
2 Evgeny Grachev Guillaume Latendresse 40 1 2 2
Penalty Kill 4 Players Defense
Defense Defense Time % Phy DF OF
1 Andrej Sustr Paul Ladue 60 0 3 2
2 Ben Chiarot Brian Lee 40 0 3 2
Penalty Kill - 3 Players Forward
Forward Time % Phy DF OF
1 Sidney Crosby 60 1 2 2
2 Evgeny Grachev 40 1 2 2
Penalty Kill - 3 Players Defense
Defense Defense Time % Phy DF OF
1 Andrej Sustr Paul Ladue 60 0 3 2
2 Ben Chiarot Brian Lee 40 0 3 2
4 vs 4 Forward
Center Wing Time % Phy DF OF
1 Sidney Crosby Jake Guentzel 60 0 2 3
2 Evgeny Grachev Guillaume Latendresse 40 0 2 3
4 vs 4 Defense
Defense Defense Time % Phy DF OF
1 Andrej Sustr Paul Ladue 60 1 2 2
2 Ben Chiarot Brian Lee 40 1 2 2
Last Minutes Offensive
Center Left Wing Right Wing Defense Defense
Sidney Crosby Jake Guentzel Michael Grabner Andrej Sustr Paul Ladue
Last Minutes Defensive
Center Left Wing Right Wing Defense Defense
Sidney Crosby Jake Guentzel Michael Grabner Andrej Sustr Paul Ladue
Goaltenders
Starting : Jhonas Enroth
Backup : Matt Murray
Extra Forwards
Normal : Alex Chiasson, Tobias Rieder, Evgeny Grachev - PP : Alex Chiasson, Tobias Rieder - PK : Alex Chiasson
Extra Defensemen
Normal : Brian Lee, Tyler Wotherspoon, Anton Cederholm - PP : Brian Lee - PK : Brian Lee, Tyler Wotherspoon
Penalty Shots
Sidney Crosby, Michael Grabner, Jake Guentzel, Guillaume Latendresse, Alex Chiasson
Custom OT Lines Forwards
Sidney Crosby, Michael Grabner, Jake Guentzel, Guillaume Latendresse, Alex Chiasson, Tobias Rieder, Evgeny Grachev, Cam Atkinson, Scott Kosmachuck, Evgeny Kuznetsov
Custom OT Lines Defensemen
Andrej Sustr, Paul Ladue, Ben Chiarot, Brian Lee, Tyler Wotherspoon
Scratches
Andrew Ladd (Sprained Right Ankle Injury), Boris Valabik (Torn Left Knee Ligaments Injury)
% Time on Ice - Blues
Lines # - Real PCT - Wanted PCT - Time Play
Normal Forward
1 - 35% - 40% - 15:06
2 - 26% - 30% - 11:05
3 - 25% - 20% - 10:34
4 - 14% - 10% - 6:04
Normal Defense
1 - 44% - 40% - 18:41
2 - 29% - 30% - 12:13
3 - 25% - 20% - 10:43
4 - 3% - 10% - 1:12
PP Forward
1 - 59% - 60% - 2:31
2 - 41% - 40% - 1:44
PP Defense
1 - 56% - 60% - 2:23
2 - 44% - 40% - 1:52
PK Forward
1 - 72% - 60% - 7:18
2 - 28% - 40% - 2:54
PK Defense
1 - 57% - 60% - 5:49
2 - 43% - 40% - 4:23
PK3 Forward
1 - 0% - 60%
2 - 0% - 40%
PK3 Defense
1 - 0% - 60%
2 - 0% - 40%
44 Forward
1 - 89% - 60% - 1:31
2 - 11% - 40% - 0:11
44 Defense
1 - 64% - 60% - 1:05
2 - 36% - 40% - 0:37
Last Minute Offensive - 1:02
Last Minute Defensive - 0:00
Total
Forward - 60:00
Defense - 60:00
|
% Time on Ice - Stars
Lines # - Real PCT - Wanted PCT - Time Play
Normal Forward
1 - 35% - 40% - 14:48
2 - 29% - 30% - 12:27
3 - 22% - 20% - 9:16
4 - 15% - 10% - 6:19
Normal Defense
1 - 37% - 40% - 15:44
2 - 27% - 30% - 11:23
3 - 35% - 20% - 15:00
4 - 2% - 10% - 0:43
PP Forward
1 - 59% - 60% - 6:04
2 - 41% - 40% - 4:08
PP Defense
1 - 67% - 60% - 6:47
2 - 33% - 40% - 3:25
PK Forward
1 - 100% - 60% - 4:15
2 - 0% - 40% - 0:00
PK Defense
1 - 56% - 60% - 2:24
2 - 44% - 40% - 1:51
PK3 Forward
1 - 0% - 60%
2 - 0% - 40%
PK3 Defense
1 - 0% - 60%
2 - 0% - 40%
44 Forward
1 - 87% - 60% - 1:29
2 - 13% - 40% - 0:13
44 Defense
1 - 100% - 60% - 1:42
2 - 0% - 40% - 0:00
Last Minute Offensive - 0:00
Last Minute Defensive - 1:01
Total
Forward - 60:00
Defense - 60:00
|
Play-by-Play
1st period
0:01 of 1st period - Sidney Crosby wins face-off versus Nathan MacKinnon in neutral zone.
1:06 of 1st period - Off-side.
1:07 of 1st period - Nathan MacKinnon wins face-off versus Henrik Borgstrom in neutral zone.
1:16 of 1st period - Snap shot by Filip Forsberg.
1:16 of 1st period - Shot Misses the Net.
1:28 of 1st period - Minor Penalty to Josh Morrissey for Cross-checking.
1:29 of 1st period - Sidney Crosby wins face-off versus Drew Shore in Blues zone.
1:30 of 1st period - Snap shot by Michael Grabner.
1:30 of 1st period - Shot Blocked by Cody Ceci.
1:32 of 1st period - Snap shot by Jake Guentzel.
1:32 of 1st period - Stopped by Maxime Daigneault without a rebound.
1:33 of 1st period - Sidney Crosby wins face-off versus Drew Shore in Blues zone.
1:48 of 1st period - Backhand shot by Sidney Crosby.
1:48 of 1st period - Shot Misses the Net.
2:02 of 1st period - Snap shot by Evgeny Grachev.
2:02 of 1st period - Shot Misses the Net.
2:04 of 1st period - Slapshot by Andrej Sustr.
2:04 of 1st period - Shot Misses the Net.
2:06 of 1st period - Snap shot by Evgeny Grachev.
2:06 of 1st period - Stopped by Maxime Daigneault with a rebound.
2:08 of 1st period - Wrist shot by Paul Ladue.
2:08 of 1st period - Deflect By Will Butcher.
2:08 of 1st period - Stopped by Maxime Daigneault without a rebound.
2:09 of 1st period - Devin Shore wins face-off versus Sidney Crosby in Blues zone.
3:28 of 1st period - Penalty to Josh Morrissey is over, Josh Morrissey is back on ice.
3:38 of 1st period - Snap shot by Filip Forsberg.
3:38 of 1st period - Stopped by Jhonas Enroth with a rebound.
3:43 of 1st period - Off-side.
3:44 of 1st period - Tobias Rieder wins face-off versus Adam Henrique in neutral zone.
4:39 of 1st period - Snap shot by Marko Dano.
4:39 of 1st period - Stopped by Jhonas Enroth with a rebound.
4:41 of 1st period - Slapshot by Travis Sanheim.
4:41 of 1st period - Shot Misses the Net.
4:43 of 1st period - Wrist shot by Travis Sanheim.
4:43 of 1st period - Shot Blocked by Tyler Wotherspoon.
4:51 of 1st period - Wrist shot by Adam Henrique.
4:51 of 1st period - Deflect By Teuvo Teravainen.
4:51 of 1st period - Stopped by Jhonas Enroth without a rebound.
4:52 of 1st period - Sidney Crosby wins face-off versus Nathan MacKinnon in Stars zone.
5:25 of 1st period - Snap shot by David Perron.
5:25 of 1st period - Shot Misses the Net.
5:49 of 1st period - Snap shot by Samuel Morin.
5:49 of 1st period - Stopped by Jhonas Enroth without a rebound.
5:50 of 1st period - Drew Shore wins face-off versus Sidney Crosby in Stars zone.
6:11 of 1st period - Slapshot by Will Butcher.
6:11 of 1st period - Shot Misses the Net.
6:25 of 1st period - Snap shot by Drew Shore.
6:25 of 1st period - Stopped by Jhonas Enroth without a rebound.
6:26 of 1st period - Nathan MacKinnon wins face-off versus Evgeny Grachev in Stars zone.
6:39 of 1st period - Backhand shot by Filip Forsberg.
6:39 of 1st period - Shot Blocked by Guillaume Latendresse.
6:41 of 1st period - Slapshot by Will Butcher.
6:41 of 1st period - Deflect By Nikolaj Ehlers.
6:41 of 1st period - Stopped by Jhonas Enroth without a rebound.
6:42 of 1st period - Michael Grabner wins face-off versus Devin Shore in Stars zone.
6:47 of 1st period - Snap shot by Sidney Crosby.
6:47 of 1st period - Shot Blocked by Seth Jones.
7:06 of 1st period - Icing by Sidney Crosby.
7:07 of 1st period - Evgeny Grachev wins face-off versus Nathan MacKinnon in Stars zone.
7:43 of 1st period - Wrist shot by Michael Grabner.
7:43 of 1st period - Shot Blocked by Brandon Montour.
8:23 of 1st period - Will Butcher is hit by Henrik Borgstrom and loses puck.
9:17 of 1st period - Snap shot by Evgeny Grachev.
9:17 of 1st period - Shot Misses the Net.
9:27 of 1st period - Snap shot by Evgeny Grachev.
9:27 of 1st period - Stopped by Maxime Daigneault with a rebound.
9:29 of 1st period - Slapshot by Paul Ladue.
9:29 of 1st period - Shot Misses the Net.
9:31 of 1st period - Wrist shot by Alex Chiasson.
9:31 of 1st period - Stopped by Maxime Daigneault without a rebound.
9:32 of 1st period - Adam Henrique wins face-off versus Sidney Crosby in Blues zone.
9:32 of 1st period - Adam Henrique is hit by Jake Guentzel.
9:44 of 1st period - Slapshot by Travis Sanheim.
9:44 of 1st period - Stopped by Jhonas Enroth without a rebound.
9:45 of 1st period - Sidney Crosby wins face-off versus Adam Henrique in Stars zone.
10:35 of 1st period - Slapshot by Luke Glendening.
10:35 of 1st period - Stopped by Jhonas Enroth with a rebound.
11:19 of 1st period - Wrist shot by Marko Dano.
11:19 of 1st period - Shot Blocked by Ben Chiarot.
11:34 of 1st period - Minor Penalty to David Perron for Roughing.
11:35 of 1st period - Drew Shore wins face-off versus Sidney Crosby in Blues zone.
11:41 of 1st period - Wrist shot by Drew Shore.
11:41 of 1st period - Shot Blocked by Andrej Sustr.
11:58 of 1st period - Icing by Jake Guentzel.
11:59 of 1st period - Sidney Crosby wins face-off versus Drew Shore in Stars zone.
12:20 of 1st period - Snap shot by Guillaume Latendresse.
12:20 of 1st period - Shot Blocked by Luke Glendening.
12:22 of 1st period - Wrist shot by Alex Chiasson.
12:22 of 1st period - Shot Misses the Net.
12:26 of 1st period - Wrist shot by Evgeny Grachev.
12:26 of 1st period - Shot Blocked by Josh Morrissey.
13:24 of 1st period - Cody Ceci is hit by Alex Chiasson and loses puck.
13:34 of 1st period - Penalty to David Perron is over, David Perron is back on ice.
14:01 of 1st period - Marko Dano is hit by Scott Kosmachuck and loses puck.
14:12 of 1st period - Snap shot by Scott Kosmachuck.
14:12 of 1st period - Stopped by Maxime Daigneault without a rebound.
14:13 of 1st period - Evgeny Kuznetsov wins face-off versus Devin Shore in Blues zone.
14:22 of 1st period - Slapshot by Seth Jones.
14:22 of 1st period - Shot Misses the Net.
14:24 of 1st period - Snap shot by Devin Shore.
14:24 of 1st period - Shot Misses the Net.
14:26 of 1st period - Wrist shot by Brandon Montour.
14:26 of 1st period - Shot Blocked by Ben Chiarot.
14:48 of 1st period - Snap shot by Jake Guentzel.
14:48 of 1st period - Deflect By Sidney Crosby.
14:48 of 1st period - Stopped by Maxime Daigneault without a rebound.
14:49 of 1st period - Nathan MacKinnon wins face-off versus Sidney Crosby in Blues zone.
14:49 of 1st period - Nathan MacKinnon is hit by Sidney Crosby.
14:52 of 1st period - Penalty Shot by Seth Jones for Blues.
14:52 of 1st period - Wrist shot by Seth Jones.
14:52 of 1st period - Stopped by Jhonas Enroth.
14:53 of 1st period - Nathan MacKinnon wins face-off versus Sidney Crosby in Blues zone.
15:00 of 1st period - Minor Penalty to Sidney Crosby for Cross-checking.
15:01 of 1st period - Alex Chiasson wins face-off versus Nathan MacKinnon in Stars zone.
15:32 of 1st period - Jake Guentzel is hit by Adam Henrique and loses puck.
17:00 of 1st period - Penalty to Sidney Crosby is over, Sidney Crosby is back on ice.
17:13 of 1st period - Snap shot by Cam Atkinson.
17:13 of 1st period - Shot Blocked by Devin Shore.
17:15 of 1st period - Wrist shot by Tobias Rieder.
17:15 of 1st period - Stopped by Maxime Daigneault with a rebound.
17:17 of 1st period - Snap shot by Tobias Rieder.
17:17 of 1st period - Goal by Tobias Rieder - Blues : 0 - Stars : 1.
17:18 of 1st period - Sidney Crosby wins face-off versus Devin Shore in neutral zone.
17:49 of 1st period - Slapshot by Josh Morrissey.
17:49 of 1st period - Deflect By Guillaume Latendresse.
17:49 of 1st period - Stopped by Jhonas Enroth with a rebound.
18:31 of 1st period - Wrist shot by Henrik Borgstrom.
18:31 of 1st period - Shot Misses the Net.
18:53 of 1st period - Snap shot by Nathan MacKinnon.
18:53 of 1st period - Deflect By Brian Lee.
18:53 of 1st period - Shot Misses the Net.
18:53 of 1st period - Puck is out of play.
18:54 of 1st period - Nathan MacKinnon wins face-off versus Sidney Crosby in Stars zone.
19:22 of 1st period - Off-side.
19:23 of 1st period - Adam Henrique wins face-off versus Evgeny Grachev in neutral zone.
Goals for this period are 0 for Blues vs 1 for Stars.
Shots for this period are 9 for Blues vs 9 for Stars.
2nd period
0:01 of 2nd period - Sidney Crosby wins face-off versus Nathan MacKinnon in neutral zone.
0:06 of 2nd period - Snap shot by Jake Guentzel.
0:06 of 2nd period - Stopped by Maxime Daigneault with a rebound.
1:11 of 2nd period - Cody Ceci is hit by Tyler Wotherspoon and loses puck.
1:18 of 2nd period - Snap shot by Drew Shore.
1:18 of 2nd period - Deflect By Henrik Borgstrom.
1:18 of 2nd period - Stopped by Jhonas Enroth without a rebound.
1:19 of 2nd period - Nathan MacKinnon wins face-off versus Sidney Crosby in Stars zone.
2:07 of 2nd period - Wrist shot by Nick Schmaltz.
2:07 of 2nd period - Goal by Nick Schmaltz - Blues : 1 - Stars : 1.
2:08 of 2nd period - Nathan MacKinnon wins face-off versus Sidney Crosby in neutral zone.
2:13 of 2nd period - Andrej Sustr is hit by Cody Ceci.
3:09 of 2nd period - Slapshot by Drew Shore.
3:09 of 2nd period - Shot Misses the Net.
4:03 of 2nd period - Snap shot by Marko Dano.
4:03 of 2nd period - Shot Blocked by Scott Kosmachuck.
5:05 of 2nd period - Tyler Wotherspoon is hit by Josh Morrissey.
5:43 of 2nd period - Snap shot by Henrik Borgstrom.
5:43 of 2nd period - Shot Misses the Net.
5:52 of 2nd period - Slapshot by Nathan MacKinnon.
5:52 of 2nd period - Shot Blocked by Tyler Wotherspoon.
5:54 of 2nd period - Slapshot by Nathan MacKinnon.
5:54 of 2nd period - Stopped by Jhonas Enroth without a rebound.
5:55 of 2nd period - Sidney Crosby wins face-off versus Adam Henrique in Stars zone.
6:02 of 2nd period - Wrist shot by Brian Lee.
6:02 of 2nd period - Deflect By Michael Grabner.
6:02 of 2nd period - Deflect By Marko Dano.
6:02 of 2nd period - Stopped by Maxime Daigneault with a rebound.
6:22 of 2nd period - Nick Schmaltz is hit by Evgeny Grachev and loses puck.
6:29 of 2nd period - Guillaume Latendresse is hit by David Perron and loses puck.
7:33 of 2nd period - Snap shot by Alex Chiasson.
7:33 of 2nd period - Shot Blocked by Seth Jones.
7:35 of 2nd period - Slapshot by Evgeny Grachev.
7:35 of 2nd period - Deflect By Guillaume Latendresse.
7:35 of 2nd period - Shot Misses the Net.
7:35 of 2nd period - Puck is out of play.
7:36 of 2nd period - Evgeny Kuznetsov wins face-off versus Nathan MacKinnon in Blues zone.
7:45 of 2nd period - Slapshot by Tobias Rieder.
7:45 of 2nd period - Shot Misses the Net.
7:47 of 2nd period - Slapshot by Paul Ladue.
7:47 of 2nd period - Shot Misses the Net.
8:03 of 2nd period - Andrej Sustr is hit by Teuvo Teravainen and loses puck.
8:24 of 2nd period - Wrist shot by Drew Shore.
8:24 of 2nd period - Stopped by Jhonas Enroth with a rebound.
8:43 of 2nd period - Slapshot by Andrej Sustr.
8:43 of 2nd period - Deflect By Alex Chiasson.
8:43 of 2nd period - Shot Misses the Net.
8:43 of 2nd period - Puck is out of play.
8:44 of 2nd period - Sidney Crosby wins face-off versus Nathan MacKinnon in Blues zone.
8:54 of 2nd period - Minor Penalty to Nathan MacKinnon for Cross-checking.
8:55 of 2nd period - Drew Shore wins face-off versus Sidney Crosby in Blues zone.
9:03 of 2nd period - Samuel Morin is hit by Ben Chiarot and loses puck.
10:54 of 2nd period - Penalty to Nathan MacKinnon is over, Nathan MacKinnon is back on ice.
11:27 of 2nd period - Wrist shot by Tyler Wotherspoon.
11:27 of 2nd period - Deflect By Marko Dano.
11:27 of 2nd period - Stopped by Maxime Daigneault with a rebound.
11:33 of 2nd period - Tyler Wotherspoon is hit by Marko Dano and loses puck.
11:50 of 2nd period - Tyler Wotherspoon is hit by David Perron.
12:14 of 2nd period - Slapshot by Cody Ceci.
12:14 of 2nd period - Stopped by Jhonas Enroth with a rebound.
12:30 of 2nd period - Snap shot by Filip Forsberg.
12:30 of 2nd period - Shot Blocked by Anton Cederholm.
12:50 of 2nd period - Anton Cederholm is hit by David Perron and loses puck.
12:55 of 2nd period - Snap shot by David Perron.
12:55 of 2nd period - Stopped by Jhonas Enroth with a rebound.
13:13 of 2nd period - Wrist shot by Samuel Morin.
13:13 of 2nd period - Stopped by Jhonas Enroth with a rebound.
13:41 of 2nd period - Minor Penalty to Nathan MacKinnon for Interference.
13:42 of 2nd period - Drew Shore wins face-off versus Sidney Crosby in Blues zone.
13:46 of 2nd period - Sidney Crosby is hit by Seth Jones and loses puck.
13:57 of 2nd period - Slapshot by Jake Guentzel.
13:57 of 2nd period - Stopped by Maxime Daigneault without a rebound.
13:58 of 2nd period - Sidney Crosby wins face-off versus Drew Shore in Blues zone.
14:01 of 2nd period - Slapshot by Jake Guentzel.
14:01 of 2nd period - Stopped by Maxime Daigneault with a rebound.
15:41 of 2nd period - Penalty to Nathan MacKinnon is over, Nathan MacKinnon is back on ice.
16:20 of 2nd period - Anton Cederholm is hit by Nikolaj Ehlers and loses puck.
16:58 of 2nd period - Brian Lee is hit by Adam Henrique and loses puck.
17:15 of 2nd period - Devin Shore is hit by Jake Guentzel and loses puck.
18:11 of 2nd period - Sidney Crosby is hit by Will Butcher and loses puck.
18:20 of 2nd period - Jake Guentzel is hit by David Perron.
18:41 of 2nd period - Wrist shot by Alex Chiasson.
18:41 of 2nd period - Deflect By Travis Sanheim.
18:41 of 2nd period - Stopped by Maxime Daigneault without a rebound.
18:42 of 2nd period - Nathan MacKinnon wins face-off versus Evgeny Grachev in Blues zone.
18:49 of 2nd period - Wrist shot by Nathan MacKinnon.
18:49 of 2nd period - Shot Blocked by Evgeny Grachev.
18:59 of 2nd period - Wrist shot by Nathan MacKinnon.
18:59 of 2nd period - Stopped by Jhonas Enroth with a rebound.
19:33 of 2nd period - Cody Ceci is hit by Paul Ladue.
19:41 of 2nd period - Luke Glendening is hit by Michael Grabner and loses puck.
Goals for this period are 1 for Blues vs 0 for Stars.
Shots for this period are 8 for Blues vs 6 for Stars.
3rd period
0:01 of 3rd period - Sidney Crosby wins face-off versus Nathan MacKinnon in neutral zone.
0:13 of 3rd period - Wrist shot by Sidney Crosby.
0:13 of 3rd period - Stopped by Maxime Daigneault without a rebound.
0:14 of 3rd period - Sidney Crosby wins face-off versus Nathan MacKinnon in Blues zone.
0:15 of 3rd period - Snap shot by Jake Guentzel.
0:15 of 3rd period - Goal by Jake Guentzel - Blues : 1 - Stars : 2.
0:16 of 3rd period - Nathan MacKinnon wins face-off versus Sidney Crosby in neutral zone.
0:24 of 3rd period - Icing by Michael Grabner.
0:25 of 3rd period - Nathan MacKinnon wins face-off versus Sidney Crosby in Stars zone.
0:38 of 3rd period - Wrist shot by Filip Forsberg.
0:38 of 3rd period - Shot Blocked by Sidney Crosby.
0:47 of 3rd period - Off-side.
0:48 of 3rd period - Teuvo Teravainen wins face-off versus Evgeny Grachev in neutral zone.
0:59 of 3rd period - Marko Dano is hit by Guillaume Latendresse and loses puck.
1:04 of 3rd period - Snap shot by Alex Chiasson.
1:04 of 3rd period - Stopped by Maxime Daigneault without a rebound.
1:05 of 3rd period - Nathan MacKinnon wins face-off versus Sidney Crosby in Blues zone.
1:05 of 3rd period - Nathan MacKinnon is hit by Paul Ladue.
1:13 of 3rd period - Snap shot by Nathan MacKinnon.
1:13 of 3rd period - Deflect By Filip Forsberg.
1:13 of 3rd period - Stopped by Jhonas Enroth without a rebound.
1:14 of 3rd period - Nathan MacKinnon wins face-off versus Sidney Crosby in Stars zone.
1:19 of 3rd period - Slapshot by Nathan MacKinnon.
1:19 of 3rd period - Stopped by Jhonas Enroth with a rebound.
1:21 of 3rd period - Slapshot by Nikolaj Ehlers.
1:21 of 3rd period - Stopped by Jhonas Enroth without a rebound.
1:22 of 3rd period - Nathan MacKinnon wins face-off versus Sidney Crosby in Stars zone.
1:33 of 3rd period - Wrist shot by Jake Guentzel.
1:33 of 3rd period - Shot Misses the Net.
1:35 of 3rd period - Slapshot by Andrej Sustr.
1:35 of 3rd period - Stopped by Maxime Daigneault with a rebound.
1:37 of 3rd period - Snap shot by Sidney Crosby.
1:37 of 3rd period - Shot Blocked by Seth Jones.
1:39 of 3rd period - Snap shot by Jake Guentzel.
1:39 of 3rd period - Goal by Jake Guentzel - Blues : 1 - Stars : 3.
1:40 of 3rd period - Nathan MacKinnon wins face-off versus Sidney Crosby in neutral zone.
1:55 of 3rd period - Wrist shot by Jake Guentzel.
1:55 of 3rd period - Stopped by Maxime Daigneault without a rebound.
1:56 of 3rd period - Adam Henrique wins face-off versus Evgeny Grachev in Blues zone.
1:56 of 3rd period - Adam Henrique is hit by Andrej Sustr.
2:02 of 3rd period - Snap shot by Seth Jones.
2:02 of 3rd period - Shot Blocked by Guillaume Latendresse.
2:04 of 3rd period - Wrist shot by Teuvo Teravainen.
2:04 of 3rd period - Stopped by Jhonas Enroth without a rebound.
2:05 of 3rd period - Teuvo Teravainen wins face-off versus Alex Chiasson in Stars zone.
2:22 of 3rd period - Snap shot by Alex Chiasson.
2:22 of 3rd period - Goal by Alex Chiasson - Blues : 1 - Stars : 4.
2:23 of 3rd period - Sidney Crosby wins face-off versus Nathan MacKinnon in neutral zone.
2:26 of 3rd period - Snap shot by Michael Grabner.
2:26 of 3rd period - Stopped by Maxime Daigneault with a rebound.
2:32 of 3rd period - Wrist shot by Jake Guentzel.
2:32 of 3rd period - Stopped by Maxime Daigneault without a rebound.
2:33 of 3rd period - Sidney Crosby wins face-off versus Nathan MacKinnon in Blues zone.
2:49 of 3rd period - Minor Penalty to Josh Morrissey for Tripping.
2:50 of 3rd period - Drew Shore wins face-off versus Sidney Crosby in Blues zone.
2:50 of 3rd period - Drew Shore is hit by Sidney Crosby.
3:03 of 3rd period - Slapshot by Cody Ceci.
3:03 of 3rd period - Stopped by Jhonas Enroth without a rebound.
3:04 of 3rd period - Sidney Crosby wins face-off versus Drew Shore in Stars zone.
3:06 of 3rd period - Minor Penalty to Paul Ladue for Hooking.
3:07 of 3rd period - Adam Henrique wins face-off versus Sidney Crosby in Stars zone.
3:45 of 3rd period - Filip Forsberg is hit by Brian Lee and loses puck.
4:12 of 3rd period - Slapshot by Evgeny Grachev.
4:12 of 3rd period - Goal by Evgeny Grachev - Blues : 1 - Stars : 5.
4:13 of 3rd period - Adam Henrique wins face-off versus Sidney Crosby in neutral zone.
4:20 of 3rd period - Snap shot by Filip Forsberg.
4:20 of 3rd period - Goal by Filip Forsberg - Blues : 2 - Stars : 5.
4:21 of 3rd period - Sidney Crosby wins face-off versus Filip Forsberg in neutral zone.
4:29 of 3rd period - Backhand shot by Adam Henrique.
4:29 of 3rd period - Stopped by Jhonas Enroth without a rebound.
4:30 of 3rd period - Adam Henrique wins face-off versus Sidney Crosby in Stars zone.
4:39 of 3rd period - Snap shot by Adam Henrique.
4:39 of 3rd period - Stopped by Jhonas Enroth without a rebound.
4:40 of 3rd period - Adam Henrique wins face-off versus Sidney Crosby in Stars zone.
4:47 of 3rd period - Wrist shot by Adam Henrique.
4:47 of 3rd period - Goal by Adam Henrique - Blues : 3 - Stars : 5.
4:48 of 3rd period - Sidney Crosby wins face-off versus Adam Henrique in neutral zone.
4:49 of 3rd period - Penalty to Josh Morrissey is over, Josh Morrissey is back on ice.
5:06 of 3rd period - Penalty to Paul Ladue is over, Paul Ladue is back on ice.
5:24 of 3rd period - Off-side.
5:25 of 3rd period - Evgeny Grachev wins face-off versus Devin Shore in neutral zone.
5:30 of 3rd period - Slapshot by Anton Cederholm.
5:30 of 3rd period - Deflect By Alex Chiasson.
5:30 of 3rd period - Stopped by Maxime Daigneault with a rebound.
5:32 of 3rd period - Snap shot by Alex Chiasson.
5:32 of 3rd period - Deflect By Evgeny Grachev.
5:32 of 3rd period - Stopped by Maxime Daigneault without a rebound.
5:33 of 3rd period - Devin Shore wins face-off versus Evgeny Grachev in Blues zone.
5:50 of 3rd period - Cody Ceci is hit by Tyler Wotherspoon and loses puck.
6:38 of 3rd period - Wrist shot by Guillaume Latendresse.
6:38 of 3rd period - Shot Misses the Net.
6:48 of 3rd period - Wrist shot by Alex Chiasson.
6:48 of 3rd period - Stopped by Maxime Daigneault with a rebound.
6:50 of 3rd period - Slapshot by Tyler Wotherspoon.
6:50 of 3rd period - Stopped by Maxime Daigneault with a rebound.
6:52 of 3rd period - Wrist shot by Guillaume Latendresse.
6:52 of 3rd period - Shot Misses the Net.
7:30 of 3rd period - Wrist shot by Evgeny Grachev.
7:30 of 3rd period - Stopped by Maxime Daigneault with a rebound.
7:33 of 3rd period - Minor Penalty to Anton Cederholm for Hooking.
7:34 of 3rd period - Sidney Crosby wins face-off versus Nathan MacKinnon in Stars zone.
7:55 of 3rd period - Nathan MacKinnon is hit by Andrej Sustr and loses puck.
9:23 of 3rd period - Marko Dano is hit by Tobias Rieder and loses puck.
9:33 of 3rd period - Penalty to Anton Cederholm is over, Anton Cederholm is back on ice.
9:36 of 3rd period - Ben Chiarot is hit by Luke Glendening and loses puck.
9:43 of 3rd period - Drew Shore is hit by Andrej Sustr and loses puck.
9:56 of 3rd period - Wrist shot by Henrik Borgstrom.
9:56 of 3rd period - Deflect By Anton Cederholm.
9:56 of 3rd period - Shot Blocked by Brandon Montour.
9:56 of 3rd period - Puck is out of play.
9:57 of 3rd period - Samuel Morin wins face-off versus Sidney Crosby in Blues zone.
10:02 of 3rd period - Luke Glendening is hit by Jake Guentzel and loses puck.
10:11 of 3rd period - Drew Shore is hit by Andrej Sustr and loses puck.
10:33 of 3rd period - Marko Dano is hit by Brian Lee and loses puck.
10:42 of 3rd period - Wrist shot by Henrik Borgstrom.
10:42 of 3rd period - Shot Misses the Net.
11:15 of 3rd period - Icing by Anton Cederholm.
11:16 of 3rd period - Devin Shore wins face-off versus Sidney Crosby in Stars zone.
11:27 of 3rd period - Slapshot by Nick Schmaltz.
11:27 of 3rd period - Stopped by Jhonas Enroth with a rebound.
11:45 of 3rd period - Wrist shot by David Perron.
11:45 of 3rd period - Shot Misses the Net.
11:47 of 3rd period - Slapshot by Devin Shore.
11:47 of 3rd period - Stopped by Jhonas Enroth with a rebound.
11:49 of 3rd period - Snap shot by David Perron.
11:49 of 3rd period - Deflect By Nick Schmaltz.
11:49 of 3rd period - Stopped by Jhonas Enroth with a rebound.
12:07 of 3rd period - Slapshot by Brandon Montour.
12:07 of 3rd period - Deflect By Nick Schmaltz.
12:07 of 3rd period - Shot Misses the Net.
12:07 of 3rd period - Puck is out of play.
12:08 of 3rd period - Nathan MacKinnon wins face-off versus Evgeny Grachev in Stars zone.
12:17 of 3rd period - Wrist shot by Evgeny Grachev.
12:17 of 3rd period - Shot Misses the Net.
12:19 of 3rd period - Slapshot by Andrej Sustr.
12:19 of 3rd period - Stopped by Maxime Daigneault without a rebound.
12:20 of 3rd period - Nathan MacKinnon wins face-off versus Evgeny Grachev in Blues zone.
12:27 of 3rd period - Andrej Sustr is hit by Filip Forsberg and loses puck.
12:37 of 3rd period - Minor Penalty to Filip Forsberg for Slashing.
12:38 of 3rd period - Drew Shore wins face-off versus Sidney Crosby in Blues zone.
12:53 of 3rd period - Snap shot by Jake Guentzel.
12:53 of 3rd period - Stopped by Maxime Daigneault without a rebound.
12:54 of 3rd period - Jake Guentzel wins face-off versus Drew Shore in Blues zone.
13:01 of 3rd period - Snap shot by Michael Grabner.
13:01 of 3rd period - Shot Misses the Net.
13:03 of 3rd period - Slapshot by Andrej Sustr.
13:03 of 3rd period - Stopped by Maxime Daigneault without a rebound.
13:04 of 3rd period - Drew Shore wins face-off versus Sidney Crosby in Blues zone.
13:25 of 3rd period - Wrist shot by Michael Grabner.
13:25 of 3rd period - Shot Misses the Net.
13:33 of 3rd period - Snap shot by Michael Grabner.
13:33 of 3rd period - Stopped by Maxime Daigneault without a rebound.
13:34 of 3rd period - Evgeny Grachev wins face-off versus Drew Shore in Blues zone.
13:35 of 3rd period - Snap shot by Guillaume Latendresse.
13:35 of 3rd period - Shot Misses the Net.
14:01 of 3rd period - Jake Guentzel is hit by Devin Shore and loses puck.
14:37 of 3rd period - Penalty to Filip Forsberg is over, Filip Forsberg is back on ice.
14:51 of 3rd period - Wrist shot by Adam Henrique.
14:51 of 3rd period - Stopped by Jhonas Enroth without a rebound.
14:52 of 3rd period - Adam Henrique wins face-off versus Evgeny Kuznetsov in Stars zone.
14:58 of 3rd period - Backhand shot by Teuvo Teravainen.
14:58 of 3rd period - Shot Misses the Net.
16:22 of 3rd period - Slapshot by Nikolaj Ehlers.
16:22 of 3rd period - Shot Misses the Net.
16:24 of 3rd period - Snap shot by Filip Forsberg.
16:24 of 3rd period - Shot Blocked by Adam Tambellini.
16:26 of 3rd period - Snap shot by Nathan MacKinnon.
16:26 of 3rd period - Stopped by Jhonas Enroth with a rebound.
17:06 of 3rd period - Backhand shot by Travis Sanheim.
17:06 of 3rd period - Stopped by Jhonas Enroth with a rebound.
17:34 of 3rd period - Snap shot by David Perron.
17:34 of 3rd period - Shot Misses the Net.
17:44 of 3rd period - Snap shot by Sidney Crosby.
17:44 of 3rd period - Stopped by Maxime Daigneault with a rebound.
17:46 of 3rd period - Wrist shot by Jake Guentzel.
17:46 of 3rd period - Shot Misses the Net.
17:48 of 3rd period - Backhand shot by Jake Guentzel.
17:48 of 3rd period - Stopped by Maxime Daigneault with a rebound.
17:50 of 3rd period - Slapshot by Paul Ladue.
17:50 of 3rd period - Shot Misses the Net.
17:52 of 3rd period - Slapshot by Jake Guentzel.
17:52 of 3rd period - Shot Hit the Post.
17:54 of 3rd period - Slapshot by Paul Ladue.
17:54 of 3rd period - Stopped by Maxime Daigneault with a rebound.
18:10 of 3rd period - Wrist shot by Drew Shore.
18:10 of 3rd period - Stopped by Jhonas Enroth without a rebound.
18:11 of 3rd period - Drew Shore wins face-off versus Sidney Crosby in Stars zone.
18:12 of 3rd period - Snap shot by Luke Glendening.
18:12 of 3rd period - Goal by Luke Glendening - Blues : 4 - Stars : 5.
18:13 of 3rd period - Devin Shore wins face-off versus Evgeny Kuznetsov in neutral zone.
18:18 of 3rd period - Snap shot by David Perron.
18:18 of 3rd period - Shot Misses the Net.
18:50 of 3rd period - Slapshot by Sidney Crosby.
18:50 of 3rd period - Shot Blocked by Seth Jones.
19:30 of 3rd period - Blues, Maxime Daigneault is pulled from the net.
Goals for this period are 3 for Blues vs 4 for Stars.
Shots for this period are 17 for Blues vs 22 for Stars.